 Dungeon Sprint DCSS version 0.23-a0-690-g0a1fc62 (webtiles) character file.

18665 Lanoc the Minotaur Blade (level 12, -3/186 HPs)
             Began as a Minotaur Berserker on Jan 11, 2019.
             Was the Champion of Trog.
             Slain by a shock serpent (14 damage)
             ... in the Dungeon (Sprint IX: "|||||||||||||||||||||||||||||").
             The game lasted 00:11:05 (2638 turns).

Lanoc the Minotaur Blade (Minotaur Berserker)       Turns: 2638, Time: 00:11:05

Health: -3/186     AC: 22    Str: 36    XL:     12   Next: 29%
Magic:  11/11      EV: 18    Int:  4    God:    Trog [******]
Gold:   1771       SH:  0    Dex:  9    Spells: 11/11 levels left

rFire    x . .     SeeInvis .   A - +5 triple sword (vamp)
rCold    + + .     Gourm    .   (shield currently unavailable)
rNeg     . . .     Faith    .   J - +1 ice dragon scales
rPois    +         Spirit   .   (helmet restricted)
rElec    .         Reflect  .   a - +0 cloak
rCorr    .         Harm     .   y - +0 pair of gloves
MR       ++...     NoTele   +   o - +0 pair of boots
Stlth    ..........             (no amulet)
HPRegen  1.41/turn              p - +3 ring of strength
MPRegen  0.12/turn              n - ring of poison resistance

@: berserking (expiring), lethally poisoned (-3 -> -5), regenerating, very quick
A: retaliatory headbutt, horns 2
a: Berserk, Trog's Hand, Brothers in Arms, Renounce Religion


You were in the Dungeon.
You worshipped Trog.
Trog was exalted by your worship.
You were very hungry.

You visited 1 branch You collected 1912 gold pieces.
You spent 141 gold pieces at shops.

Inventory:

Hand Weapons
 r - a +0 antimagic great sword
 u - the +8 long sword of the Goat {slice, rElec Int-3 Dex+2}
   (You found it in the Dungeon)

   It inflicts extra damage upon your enemies.
   It affects your intelligence (-3).
   It affects your dexterity (+2).
   It insulates you from electricity.
 z - a +6 great sword of flaming
 A - a +5 vampiric triple sword (weapon)
 F - a +3 antimagic long sword
 G - a +4 antimagic demon blade
Missiles
 j - 6 silver javelins (quivered)
Armour
 a - a +0 cloak (worn)
 o - a +0 pair of boots (worn)
 y - a +0 pair of gloves (worn)
 I - +0 storm dragon scales
 J - +1 ice dragon scales (worn)
Jewellery
 n - a ring of poison resistance (right hand)
 p - a +3 ring of strength (left hand)
 q - a +2 ring of protection
 x - an uncursed ring of fire
 C - an uncursed ring of see invisible
Wands
 m - a wand of acid (7)
Scrolls
 b - 4 scrolls of identify
 i - 3 scrolls of blinking
 l - 4 scrolls of remove curse
 v - 3 scrolls of enchant armour
 w - a scroll of fog
 E - a scroll of holy word
 L - a scroll of fear
Potions
 d - 6 potions of curing
 e - 4 potions of heal wounds
 f - 2 potions of haste
 g - 4 potions of magic
 h - 3 potions of berserk rage
 k - a potion of invisibility
 s - a potion of brilliance
 t - a potion of flight
 D - a potion of might
 K - a potion of agility
Comestibles
 c - 9 rations
 B - 10 chunks of flesh


   Skills:
 + Level 16.7 Fighting
 * Level 22.0 Long Blades
 + Level 16.5 Armour
 + Level 15.3 Dodging


You had 11 spell levels left.
You didn't know any spells.
Your spell library was empty.

Dungeon Overview and Level Annotations

Branches:
Dungeon (1/1)

Altars:
Cheibriados
Dithmenos
Elyvilon
Fedhas
Gozag
Hepliaklqana
Kikubaaqudgha
Makhleb
Nemelex Xobeh
Okawaru
Qazlal
Ru
Sif Muna
Trog
Uskayaw
Vehumet
Wu Jian
Xom
Yredelemnul
Zin
The Shining One
Beogh
Jiyva
Lugonu

Shops:
D **%(


Innate Abilities, Weirdness & Mutations

You reflexively headbutt those who attack you in melee.
You have a pair of horns on your head.


Message History

You feel better.
The guardian serpent is almost dead.
The black mamba bites you.
* * * LOW HITPOINT WARNING * * *
You are more poisoned.
The black mamba poisons you!
The guardian serpent completely misses you.
You slice the guardian serpent!!
You feel better.
You kill the guardian serpent!
Trog accepts your kill.
Trog appreciates your killing of a magic user.
Your Long Blades skill increases to level 22!
You feel sick.
The black mamba bites you but does no damage.
You barely miss the shock serpent.
You feel sick.
The black mamba bites you but does no damage.
The shock serpent bites you.
* * * LOW HITPOINT WARNING * * *
The shock serpent shocks you!
You die...

▓.▓.▓.▓.▓.▓.▓.▓.▓.
▓.▓.▓'▓.▓.▓.▓.▓.▓.
▓.▓.▓.▓.▓.▓.▓.▓.▓'
▓.▓.▓.▓.▓.▓.▓.▓.▓)
▓.▓.▓.▓.▓.▓.▓.▓.▓)
▓.▓.▓=▓.▓'▓.▓.▓.▓.
▓)▓.▓.▓.▓)▓.▓.▓.▓.
▓S▓.▓)▓.▓)▓.▓(▓.▓.
▓@▓.▓)▓.▓)▓.▓.▓.▓'
▓S▓.▓)▓.▓÷▓.▓.▓.▓_
▓.▓.▓)▓.▓)▓.▓.▓.▓_
▓N▓.▓)▓.▓.▓.▓.▓.▓_
▓N▓.▓)▓.▓.▓.▓.▓.▓_
▓.▓.▓)▓.▓)▓.▓†▓.▓_
▓.▓.▓)▓.▓.▓.▓÷▓.▓_
▓.▓.▓.▓.▓.▓.▓.▓.▓_
▓.▓.▓.▓.▓.▓.▓.▓_


You could see a naga sharpshooter, a salamander mystic, a shock serpent and a
black mamba.

Vanquished Creatures
  2 ice dragons (D)
  A naga warrior (D)
  A two-headed ogre (D)
  A naga sharpshooter (D)
  7 orc high priests (D)
  3 wizards (D)
  A mana viper (D)
  3 orc knights (D)
  A manticore (D)
  A guardian serpent (D)
  A spiny frog (D)
  A freezing wraith (D)
  A komodo dragon (D)
  A tengu conjurer (D)
  4 polar bears (D)
  A troll (D)
  3 hippogriffs (D)
  A wind drake (shapeshifter) (D)
  A shadow (D)
  A yak (D)
  A naga (D)
  2 water moccasins (D)
  3 porcupines (D)
  7 orc warriors (D)
  An ice beast (D)
  4 black bears (D)
  A boggart (D)
  A phantom (D)
  3 crocodiles (D)
  3 bullfrogs (D)
  A scorpion (D)
  A wight (D)
  A crimson imp (D)
  A hound (D)
  7 orc priests (D)
  4 orc wizards (D)
  A worker ant (D)
  A gnoll (D)
  An adder zombie (D)
  2 leopard geckos (D)
  7 orcs (D)
  2 bats (D)
  A bat skeleton (D)
  2 kobolds (D)
  A quokka (D)
  A giant cockroach zombie (D)
  A quokka skeleton (D)
  A rat (D)
98 creatures vanquished.

Vanquished Creatures (collateral kills)
  A hydra (D)
  An orc high priest (D)
  4 orc knights (D)
  A yak (D)
  A water moccasin (D)
8 creatures vanquished.

Grand Total: 106 creatures vanquished

Notes
Turn   | Place    | Note
-------+----------+-------------------------------------------
     0 | D        | Lanoc the Minotaur Berserker began the quest for the Orb.
     0 | D        | Reached XP level 1. HP: 19/19 MP: 0/0
     6 | D        | Reached skill level 4 in Long Blades
     7 | D        | Reached ** piety under Trog
    21 | D        | Noticed an orc wizard
    21 | D        | Noticed an orc wizard
    28 | D        | Killed an orc wizard
    28 | D        | Reached *** piety under Trog
    28 | D        | Reached skill level 6 in Long Blades
    28 | D        | Reached XP level 2. HP: 23/28 MP: 1/1
    28 | D        | Reached XP level 3. HP: 29/35 MP: 2/2
    36 | D        | Reached skill level 5 in Fighting
    39 | D        | Reached **** piety under Trog
    48 | D        | Found a roughly hewn altar of Beogh.
    48 | D        | Found a snail-covered altar of Cheibriados.
    48 | D        | Found a shadowy altar of Dithmenos.
    48 | D        | Found a white marble altar of Elyvilon.
    48 | D        | Found a blossoming altar of Fedhas.
    48 | D        | Found an opulent altar of Gozag.
    49 | D        | Found a hazy altar of Hepliaklqana.
    50 | D        | Found a viscous altar of Jiyva.
    51 | D        | Found an ancient bone altar of Kikubaaqudgha.
    52 | D        | Found a corrupted altar of Lugonu.
    53 | D        | Found a burning altar of Makhleb.
    54 | D        | Found a sparkling altar of Nemelex Xobeh.
    55 | D        | Found an iron altar of Okawaru.
    56 | D        | Found a stormy altar of Qazlal.
    57 | D        | Found a sacrificial altar of Ru.
    58 | D        | Found a deep blue altar of Sif Muna.
    59 | D        | Found a bloodstained altar of Trog.
    60 | D        | Found a hide-covered altar of Uskayaw.
    61 | D        | Found a radiant altar of Vehumet.
    62 | D        | Found an ornate altar of the Wu Jian Council.
    63 | D        | Found a shimmering altar of Xom.
    64 | D        | Found a basalt altar of Yredelemnul.
    65 | D        | Found a glowing silver altar of Zin.
    66 | D        | Found a glowing golden altar of the Shining One.
   307 | D        | Noticed a scorpion
   307 | D        | Noticed a two-headed ogre
   307 | D        | Noticed a phantom
   308 | D        | Reached skill level 7 in Long Blades
   308 | D        | Reached skill level 5 in Armour
   308 | D        | Reached XP level 4. HP: 44/44 MP: 3/3
   312 | D        | Killed a two-headed ogre
   312 | D        | Reached skill level 12 in Long Blades
   312 | D        | Reached XP level 5. HP: 57/57 MP: 4/4
   312 | D        | Reached XP level 6. HP: 64/64 MP: 5/5
   312 | D        | Reached XP level 7. HP: 70/70 MP: 6/6
   320 | D        | Reached ***** piety under Trog
   452 | D        | Noticed a shadow
   452 | D        | Noticed a troll
   456 | D        | Killed a shadow
   456 | D        | Reached skill level 10 in Fighting
   456 | D        | Reached skill level 13 in Long Blades
   456 | D        | Reached XP level 8. HP: 79/79 MP: 7/7
   462 | D        | Killed a troll
   462 | D        | Reached skill level 10 in Armour
   463 | D        | Received a gift from Trog
   698 | D        | Got the +8 long sword of the Goat {slice, rElec Int-3
                  | Dex+2}
   716 | D        | Received a gift from Trog
   718 | D        | Reached skill level 14 in Long Blades
   721 | D        | Noticed an eight-headed hydra
   727 | D        | Reached skill level 10 in Dodging
   735 | D        | Killed an eight-headed hydra
   735 | D        | Reached skill level 15 in Long Blades
   735 | D        | Reached XP level 9. HP: 7/90 MP: 8/8
   741 | D        | Got a fine battleaxe {god gift}
   742 | D        | Identified the +12 battleaxe "Pendulum" {chop, Stlth+}
                  | (Trog gifted it to you in the Dungeon)
  1066 | D        | Noticed a komodo dragon
  1066 | D        | Noticed a spiny frog
  1076 | D        | Killed a komodo dragon
  1076 | D        | Reached skill level 16 in Long Blades
  1081 | D        | Killed a spiny frog
  1081 | D        | Received a gift from Trog
  1093 | D        | Reached ****** piety under Trog
  1101 | D        | Received a gift from Trog
  1101 | D        | Reached XP level 10. HP: 46/100 MP: 9/9
  1349 | D        | Reached skill level 17 in Long Blades
  1576 | D        | Received a gift from Trog
  1737 | D        | Noticed an orc high priest
  1737 | D        | Noticed an orc high priest
  1750 | D        | Killed an orc high priest
  1750 | D        | Reached skill level 18 in Long Blades
  1752 | D        | Killed an orc high priest
  1752 | D        | Received a gift from Trog
  1821 | D        | Found Xyrasmeh's General Store.
  1821 | D        | Noticed an orc knight
  1821 | D        | Noticed an orc high priest
  1821 | D        | Noticed an orc high priest
  1821 | D        | Noticed an orc high priest
  1821 | D        | Noticed an orc knight
  1823 | D        | Noticed an orc knight
  1828 | D        | Killed an orc knight
  1830 | D        | Killed an orc high priest
  1830 | D        | Received a gift from Trog
  1830 | D        | Reached skill level 19 in Long Blades
  1830 | D        | Reached XP level 11. HP: 79/111 MP: 10/10
  1830 | D        | Noticed an orc knight
  1835 | D        | Killed an orc high priest
  1836 | D        | Found Gouf's General Store.
  1836 | D        | Noticed an orc high priest
  1839 | D        | Noticed an orc knight
  1841 | D        | Killed an orc high priest
  1842 | D        | Noticed an orc high priest
  1843 | D        | Killed an orc knight
  1845 | D        | Killed an orc knight
  1846 | D        | Found Yraogatu's Food Emporium.
  1849 | D        | Killed an orc knight
  1850 | D        | Noticed an orc knight
  1851 | D        | Killed an orc high priest
  1851 | D        | Received a gift from Trog
  1851 | D        | Reached skill level 15 in Fighting
  1853 | D        | Found Noan's Antique Weapon Shoppe.
  1854 | D        | Noticed an orc knight
  1857 | D        | Noticed an orc high priest
  1869 | D        | Killed an orc knight
  1869 | D        | Reached skill level 20 in Long Blades
  1877 | D        | Killed an orc high priest
  1877 | D        | Reached skill level 15 in Armour
  1884 | D        | Killed an orc knight
  1885 | D        | Noticed a sun demon
  1892 | D        | Killed an orc knight
  1897 | D        | Killed an orc high priest
  1932 | D        | Bought a potion of might for 44 gold pieces
  1934 | D        | Bought a scroll of holy word for 97 gold pieces
  2424 | D        | Received a gift from Trog
  2443 | D        | Noticed a wizard
  2446 | D        | Noticed an ice dragon
  2449 | D        | Noticed a wizard
  2453 | D        | Noticed an ice dragon
  2458 | D        | Killed a wizard
  2458 | D        | Received a gift from Trog
  2459 | D        | Noticed a wizard
  2462 | D        | Killed an ice dragon
  2462 | D        | Reached skill level 21 in Long Blades
  2468 | D        | Killed an ice dragon
  2473 | D        | Killed a wizard
  2473 | D        | Reached XP level 12. HP: 122/122 MP: 11/11
  2479 | D        | Received a gift from Trog
  2481 | D        | Reached skill level 15 in Dodging
  2615 | D        | Noticed a naga warrior
  2626 | D        | Killed a naga warrior
  2631 | D        | Received a gift from Trog
  2631 | D        | HP: 9/186 [naga sharpshooter/bolt (3)]
  2632 | D        | Found the +11 plutonium sword {*Contam Stlth-}
  2634 | D        | HP: 4/186 [naga sharpshooter/bolt (9)]
  2637 | D        | Reached skill level 22 in Long Blades
  2638 | D        | Slain by a shock serpent

Vault maps used:
D:        linesprint

Skill      XL: |  1  2  3  4  5  6  7  8  9 10 11 12 |
---------------+-------------------------------------+-----
Long Blades    | 6 7 12 13 15 16 19 21 22 | 22.0
Fighting       | 4 5 9 10 11 12 14 16 | 16.7
Armour         | 4 5 9 11 12 14 16 | 16.5
Dodging        | 3 4 8 10 11 13 14 15 | 15.3

Action                   |  1- 3 |  4- 6 |  7- 9 | 10-12 || total
-------------------------+-------+-------+-------+-------++-------
Melee: Falchion          |    23 |       |       |       ||    23
       Headbutt          |     5 |     1 |    11 |    47 ||    64
       Scimitar          |     1 |     2 |    14 |       ||    17
       Long sword        |       |       |    49 |   117 ||   166
       Triple sword      |       |       |       |    74 ||    74
Invok: Trog's Hand       |       |     1 |     1 |     4 ||     6
       Berserk           |       |     1 |     1 |     3 ||     5
       Brothers in Arms  |       |       |     1 |     3 ||     4
Evoke: Wand              |       |       |     3 |       ||     3
  Use: Potion            |       |       |       |     5 ||     5
       Scroll            |       |       |       |     2 ||     2
  Eat: Chunk             |       |       |     3 |     8 ||    11
       Ration            |       |       |       |     2 ||     2
Armor: Animal skin       |     4 |       |       |       ||     4
       Chain mail        |       |     1 |    24 |    35 ||    60
       Ice dragon scales |       |       |       |    35 ||    35
Dodge: Dodged            |    11 |     1 |    32 |   109 ||   153
       Rpst.: Falchion   |     4 |       |       |       ||     4
       Scimitar          |       |       |     2 |       ||     2
       Long sword        |       |       |     1 |    12 ||    13
       Triple sword      |       |       |       |     4 ||     4

Table legend:
 A = Non-vault XP
 B = Vault XP
 C = Vault XP percentage of total XP
 D = Non-vault monster count
 E = Vault monster count
 F = Vault count percentage of total count
                 A         B        C        D         E       F
            +---------+---------+-------+---------+---------+-------
      Total |       0 |   26665 | 100.0 |       0 |     106 | 100.0
            +---------+---------+-------+---------+---------+-------
          D |       0 |   26665 | 100.0 |       0 |     106 | 100.0
            +---------+---------+-------+---------+---------+-------
